 Dungeon Crawl Stone Soup version 0.30.1-11-g7821555f0a (webtiles) character file.

Game seed: 4007219503121144290

256 Dordric the Cudgeller (level 5, -2/41 HPs)
             Began as a Demonspawn Monk on Oct 30, 2023.
             Slain by Duvessa
             ... wielding a +0 short sword
              (12 damage)
             ... on level 4 of the Dungeon.
             The game lasted 00:02:31 (2974 turns).

Dordric the Cudgeller (Demonspawn Monk)             Turns: 2974, Time: 00:02:32

Health: -2/41      AC:  5    Str: 13    XL:     5   Next: 92%
Magic:  5/5        EV: 13    Int: 11    God:
Gold:   230        SH:  0    Dex: 16    Spells: 4/4 levels left

rFire   . . .        o - +9 rapier of the Nurturing Gods {venom, Drain +Blink rN+}
rCold   . . .        d - orb {light}
rNeg    + . .        b - +0 robe
rPois   .            (no helmet)
rElec   .            g - +0 cloak
rCorr   .            (no gloves)
SInv    .            (no boots)
Will    .....        (no amulet)
Stlth   +            (no ring)
HPRegen 0.26/turn    (no ring)
MPRegen 0.09/turn

%: no passive effects
@: glowing
A: yellow scales 1, foul stench 2, powered by death 1
a: Evoke Blink


You were on level 4 of the Dungeon.
You visited 1 branch of the dungeon, and saw 4 of its levels.

You collected 230 gold pieces.

Inventory:

Hand Weapons
 a - a +0 mace
 k - a +0 flail
 o - the +9 rapier of the Nurturing Gods (weapon) {venom, Drain +Blink rN+}
   (You found it on level 2 of the Dungeon)

   rN:        It protects you from negative energy.
   +Blink:    It lets you blink.
   Drain:     It drains your maximum health when unequipped.
Armour
 b - a +0 robe (worn)
 d - an orb of light (worn)
 g - a +0 cloak (worn)
Jewellery
 m - a +4 ring of protection
 w - a ring of poison resistance
Wands
 x - a wand of digging (5)
Scrolls
 h - 2 scrolls of enchant weapon {unknown}
 i - 2 scrolls of blinking {unknown}
 n - 3 scrolls of identify {unknown}
 p - a scroll of noise {unknown}
 r - a scroll of fear {unknown}
 u - a scroll of immolation {unknown}
 v - 2 scrolls of vulnerability {unknown}
Potions
 c - a potion of ambrosia
 e - a potion of cancellation {unknown}
 f - a potion of haste {unknown}
 j - a potion of attraction {unknown}
 l - 2 potions of degeneration {unknown}
 q - a potion of berserk rage {unknown}
 s - a potion of lignification {unknown}
 t - a potion of invisibility {unknown}


   Skills:
 - Level 3.0 Fighting
 + Level 6.1 Maces & Flails
 - Level 2.6 Dodging


You had 4 spell levels left.
You didn't know any spells.
Your spell library was empty.

Dungeon Overview and Level Annotations

Branches:
Dungeon (4/15)
 Temple: D:4-7

Altars:
Gozag
Hepliaklqana
Kikubaaqudgha
Xom

Annotations:
D:3 1 runed translucent door, GreenGuy14's ghost, amateur MiFi
D:4 Duvessa


Innate Abilities, Weirdness & Mutations

You are partially covered in yellow scales. (AC +2)
You sometimes emit foul miasma when damaged in melee.
You regenerate a little health from kills.


Message History

No reachable target in view!
No reachable target in view!
No reachable target in view!
No reachable target in view!
No reachable target in view!
The ball python hisses angrily.
You open the door.
There is an open door here.
Duvessa, Sister of Dowan comes into view.
She is wielding a +0 short sword.
Duvessa shouts!
Duvessa goes berserk!
Duvessa moves out of view.
Duvessa is nearby!
Duvessa is nearby!
Duvessa is nearby!
Duvessa hits you with a +0 short sword!
You hit Duvessa but do no damage.
Duvessa is poisoned.
Duvessa hits you with a +0 short sword. Duvessa barely misses you.
You puncture Duvessa!
Duvessa looks as sick as possible!
Duvessa is moderately wounded.
Duvessa hits you with a +0 short sword! Duvessa hits you but does no damage.
You puncture Duvessa!
Duvessa looks as sick as possible!
Duvessa is moderately wounded.
Duvessa hits you with a +0 short sword!
* * * LOW HITPOINT WARNING * * *
You emit a cloud of foul miasma!
Duvessa is engulfed in dark miasma.
Duvessa looks as sick as possible!
Duvessa barely misses you.
You are too injured to fight recklessly!
You are too injured to fight recklessly!
You are too injured to fight recklessly!
You are too injured to fight recklessly!
You are too injured to fight recklessly!
You are too injured to fight recklessly!
You are too injured to fight recklessly!
You are too injured to fight recklessly!
You are too injured to fight recklessly!
You puncture Duvessa!
Duvessa looks as sick as possible!
Duvessa is heavily wounded.
Duvessa is engulfed in dark miasma.
Duvessa looks as sick as possible!
Duvessa hits you with a +0 short sword!
You die...

#.#####.#.##..._# #.# #.#..#.####
#.# #.#..'.##l# #.# #...######Z
#.# ##### # #.# #
#########.############ #.
..........#..........#
#.#########@^#.########.####
###....######.e#.# #.....
.........<.......# ######
.........####..#.##########
###.###..####......(......####
#...###.......)).)...###......
...#....##..#.##.##.##...##..≈≈§≈
.)...._......)##)##.##.#.##..§...
#..##....#..####.##....#.....≈.#.


You could see Duvessa (berserk, extremely poisoned).

Vanquished Creatures
  A scorpion (D:4)
  Dowan (D:4)
  An iguana (D:4)
  A gnoll (D:1)
  4 adders
  5 worms
  A dart slug (D:1)
  2 orcs (D:3)
  2 bats
  7 endoplasms
  2 giant cockroaches (D:1)
  4 hobgoblins
  2 jackals (D:3)
  5 quokkas
  2 ball pythons (D:3)
  A frilled lizard (D:2)
  5 goblins
  7 kobolds
  7 rats
60 creatures vanquished.

Vanquished Creatures (others)
  A human (D:3)
1 creature vanquished.

Grand Total: 61 creatures vanquished

Notes
Turn   | Place    | Note
-------+----------+-------------------------------------------
     0 | D:1      | Dordric the Demonspawn Monk began the quest for the Orb.
     0 | D:1      | Reached XP level 1. HP: 18/18 MP: 1/1
    80 | D:1      | Reached skill level 3 in Maces & Flails
   201 | D:1      | Gained mutation: You may rarely emit foul miasma when
                  | damaged in melee. [demonic ancestry]
   201 | D:1      | Reached XP level 2. HP: 15/24 MP: 2/2
   511 | D:1      | Gained mutation: You are partially covered in yellow
                  | scales. (AC +2) [demonic ancestry]
   511 | D:1      | Reached XP level 3. HP: 29/29 MP: 3/3
   895 | D:2      | Reached skill level 4 in Maces & Flails
   900 | D:2      | Identified the +9 rapier of the Nurturing Gods {venom,
                  | Drain +Blink rN+}
  1124 | D:2      | Identified the +6 long sword "Beeweq" {heavy, Int+3}
  1375 | D:2      | Gained mutation: You regenerate a little health from kills.
                  | [demonic ancestry]
  1375 | D:2      | Reached XP level 4. HP: 35/35 MP: 4/4
  2172 | D:3      | Found a runed translucent door.
  2174 | D:3      | Noticed GreenGuy14's ghost (amateur MiFi)
  2353 | D:3      | Found an ancient bone altar of Kikubaaqudgha.
  2355 | D:3      | Noticed a human
  2356 | D:3      | Killed a human
  2608 | D:4      | Noticed a scorpion
  2611 | D:4      | Killed a scorpion
  2612 | D:4      | Reached skill level 5 in Maces & Flails
  2612 | D:4      | Gained mutation: You sometimes emit foul miasma when
                  | damaged in melee. [demonic ancestry]
  2612 | D:4      | Reached XP level 5. HP: 38/41 MP: 5/5
  2662 | D:4      | Noticed Dowan
  2673 | D:4      | Killed Dowan
  2743 | D:4      | Reached skill level 6 in Maces & Flails
  2859 | D:4      | Found an opulent altar of Gozag.
  2940 | D:4      | Found a hazy altar of Hepliaklqana.
  2941 | D:4      | Found a shimmering altar of Xom.
  2942 | D:4      | Noticed a spectral ugly thing
  2968 | D:4      | Noticed Duvessa
  2974 | D:4      | Slain by Duvessa

Illustrated notes

Levels and vault maps discovered:
D:1:      minmay_arrival_nine_rooms, layout_loops_ring, kennysheep_another_room
D:2:      layout_basic, minmay_ruptured
D:3:      layout_loops_ring, tgw_kikubaaqudgha, ebering_ghost_reflecting_pool
D:4:      layout_loops_ring, regret_index_temple_of_mockery, tso_metal_star,
          nicolae_overflow_crystal_walls, mainiacjoe_overflow_brackets,
          uniq_duvessa

Skill      XL: |  1  2  3  4  5 |
---------------+----------------+-----
Maces & Flails | 3 4 5 6 |  6.1
Fighting       | |  3.0
Dodging        | |  2.6

Action                     |  1- 3 |  4- 6 || total
---------------------------+-------+-------++-------
  Melee: Mace              |    27 |       ||    27
         Flail             |    27 |       ||    27
         Rapier            |    19 |    52 ||    71
 Armour: Robe              |    13 |    10 ||    23
  Dodge: Dodged            |    50 |    23 ||    73
